 Dungeon Crawl Stone Soup version 0.31.0 (webtiles) character file.

Game seed: 10070041811124363230

267385 inmateoo the Brawler (level 20, -8/148 (159) HPs)
             Began as a Gnoll Shapeshifter on Jan 19, 2024.
             Was a High Priest of Cheibriados.
             Killed from afar by a ghostly deep elf death mage (47 damage)
             ... with a bolt of negative energy
             ... on level 3 of the Elven Halls on Jan 20, 2024.
             The game lasted 02:04:05 (34369 turns).

inmateoo the Brawler (Gnoll Shapeshifter)          Turns: 34369, Time: 02:04:06

HP:   -8/148 (159)  AC: 28    Str: 36    XL:     20   Next: 12%
MP:   3/38          EV: 30    Int: 27    God:    Cheibriados [*****.]
Gold: 2215          SH:  0    Dex: 27    Spells: 13/47 levels left

rFire   + + .        b - +11 lajatang of Patterns {protect, rElec rC+ Str+7 Int-3}
rCold   + + .        (shield currently unavailable)
rNeg    . . .        u - +4 ring mail of Refuge {rElec Will+ Stlth+}
rPois   .            j - +1 helmet
rElec   +            w - scarf {rC+ rF+}
rCorr   .            G - +0 pair of gloves
SInv    .            D - +3 pair of mountain boots {steadfast, rC+}
Will    +++..        f - amulet of regeneration
Stlth   +++++++      J - +5 ring of evasion
HPRegen 1.24/turn    O - ring of Biallur {Fire Will+}
MPRegen 0.26/turn

%: no passive effects
@: under a protective aura, drained, very slow
A: fangs 1, strong nose, distributed training
}: 2/15 runes: barnacled, gossamer
a: Renounce Religion, Bend Time, Temporal Distortion, Slouch, Step From Time


You were on level 3 of the Elven Halls.
You worshipped Cheibriados.
Cheibriados was extremely pleased with you.
You visited 6 branches of the dungeon, and saw 33 of its levels.
You also visited: Ossuary and Ice Cave.

You collected 3022 gold pieces.
You spent 807 gold pieces at shops.

Inventory:

Hand Weapons
 a - a +9 heavy longbow
 b - the +11 lajatang of Patterns (weapon) {protect, rElec rC+ Str+7 Int-3}
   (You found it on level 3 of the Shoals)

   Str+7:     It affects your strength (+7).
   Int-3:     It affects your intelligence (-3).
   rC+:       It protects you from cold.
   rElec:     It insulates you from electricity.
Missiles
 k - 3 throwing nets
 l - 8 javelins (quivered)
 r - 18 boomerangs
Armour
 j - a +1 helmet (worn)
 u - the +4 ring mail of Refuge (worn) {rElec Will+ Stlth+}
   (You found it on level 12 of the Dungeon)

   rElec:     It insulates you from electricity.
   Will+:     It increases your willpower.
   Stlth+:    It makes you more stealthy.
 w - a scarf of resistance (worn)
 D - the +3 pair of mountain boots (worn) {steadfast, rC+}
   (You found it on level 4 of the Spider Nest)

   Steadfast: It prevents involuntary movement, except for blinking,
   teleportation, or banishment.
   rC+:       It protects you from cold.
 G - a +0 pair of gloves (worn)
 L - a +1 cloak of preservation
 U - a +2 buckler of cold resistance
Jewellery
 c - a ring of positive energy
 f - an amulet of regeneration (around neck)
 h - a +6 ring of intelligence
 i - a ring of protection from fire
 J - a +5 ring of evasion (left hand)
 M - a ring of poison resistance
 O - the ring of Biallur (right hand) {Fire Will+}
   (You found it on level 11 of the Dungeon)

   [ring of fire]

   Fire:      It enhances your fire magic.
   rF+:       It protects you from fire.
   rC-:       It makes you vulnerable to cold.
   Will+:     It increases your willpower.
 S - a ring of protection from cold
Wands
 v - a wand of quicksilver (6)
 B - a wand of polymorph (16)
 C - a wand of iceblast (29)
 K - a wand of charming (13)
 P - a wand of mindburst (5)
 Y - a wand of digging (6)
Scrolls
 d - 3 scrolls of revelation
 o - 6 scrolls of enchant armour
 s - 19 scrolls of teleportation
 y - 2 scrolls of blinking
 E - 22 scrolls of identify
 F - 6 scrolls of fog
 N - 3 scrolls of summoning
 V - a scroll of amnesia
 W - 4 scrolls of fear
 X - a scroll of silence
 Z - 4 scrolls of immolation
Potions
 e - 22 potions of curing
 m - 3 potions of cancellation
 n - 5 potions of resistance
 p - 6 potions of mutation
 q - 2 potions of heal wounds
 t - 5 potions of brilliance
 x - 2 potions of invisibility
 z - 5 potions of magic
 A - 4 potions of berserk rage
 H - 4 potions of ambrosia
 I - 4 potions of lignification
 T - 6 potions of might
Miscellaneous
 g - a sack of spiders


   Skills:
 + Level 14.2 Fighting
 + Level 14.0 Short Blades
 + Level 14.0 Long Blades
 + Level 14.0 Axes
 + Level 14.0 Maces & Flails
 + Level 14.0 Polearms
 + Level 14.0 Staves
 + Level 14.0 Ranged Weapons
 + Level 14.0 Throwing
 + Level 14.0 Armour
 + Level 14.6 Dodging
 + Level 14.0 Stealth
 + Level 14.0 Shields
 + Level 15.3 Unarmed Combat
 + Level 14.0 Spellcasting
 + Level 11.9 Conjurations
 + Level 11.9 Hexes
 + Level 11.9 Summonings
 + Level 11.9 Necromancy
 + Level 11.9 Translocations
 + Level 11.9 Fire Magic
 + Level 11.9 Ice Magic
 + Level 11.9 Air Magic
 + Level 11.9 Earth Magic
 + Level 11.9 Alchemy
 + Level 15.1 Invocations
 + Level 14.0 Evocations
 + Level 14.3 Shapeshifting


You had 13 spell levels left.
You knew the following spells:

 Your Spells              Type           Power      Damage    Failure   Level
a - Stone Arrow           Conj/Erth      100%       3d13      1%          3
b - Frozen Ramparts       Ice            100%       1d16      1%          3
c - Borgnjor's Vile Clut  Necr/Erth      35%        N/A       1%          5
d - Brom's Barrelling Bo  Conj/Erth      70%        2d8       1%          4
e - Blink                 Tloc           100%       N/A       1%          2
f - Fireball              Conj/Fire      45%        3d18      1%          5
g - Passage of Golubria   Tloc           70%        N/A       1%          4
h - Olgreb's Toxic Radia  Alch           70%        N/A       1%          4
i - Ignite Poison         Fire/Alch      90%        N/A       1%          4

Your spell library contained the following spells:

 Spells                   Type           Power      Damage    Failure   Level
 Apportation              Tloc           100%       N/A       1%          1
 Freeze                   Ice            100%       1d10      1%          1
 Magic Dart               Conj           100%       1d8       1%          1
 Necrotise                Necr           100%       1d9       1%          1
 Slow                     Hex            100%       N/A       1%          1
 Sting                    Conj/Alch      100%       1d9       1%          1
 Summon Small Mammal      Summ           100%       N/A       1%          1
 Call Imp                 Summ           100%       N/A       1%          2
 Jinxbite                 Hex            100%       N/A       1%          2
 Mercury Vapours          Alch/Air       100%       N/A       1%          2
 Static Discharge         Conj/Air       100%       3-8/arc   1%          2
 Confusing Touch          Hex            70%        N/A       1%          3
 Dazzling Flash           Conj/Hex       100%       N/A       1%          3
 Gell's Gravitas          Tloc           70%        N/A       1%          3
 Hailstorm                Conj/Ice       70%        3d12      1%          3
 Mephitic Cloud           Conj/Alch/Air  70%        N/A       1%          3
 Sigil of Binding         Hex            70%        N/A       1%          3
 Teleport Other           Tloc           70%        N/A       1%          3
 Tukima's Dance           Hex            70%        N/A       1%          3
 Vampiric Draining        Necr           70%        2d11      1%          3
 Volatile Blastmotes      Fire/Tloc      100%       2d18      1%          3
 Animate Armour           Summ/Erth      100%       N/A       1%          4
 Animate Dead             Necr           70%        N/A       1%          4
 Cause Fear               Hex            35%        N/A       1%          4
 Fulminant Prism          Conj/Alch      35%        3d17      1%          4
 Iskenderun's Mystic Bla  Conj/Tloc      70%        2d14      1%          4
 Sticky Flame             Fire/Alch      90%        2d14      1%          4
 Summon Blazeheart Golem  Fire/Summ      90%        N/A       1%          4
 Alistair's Intoxication  Alch           46%        N/A       1%          5
 Curse of Agony           Necr           70%        N/A       1%          5
 Iskenderun's Battlesphe  Conj           70%        2d12      1%          5
 Silence                  Hex/Air        35%        N/A       1%          5
 Yara's Violent Unravell  Hex/Alch       35%        3d14      1%          5
 Conjure Ball Lightning   Conj/Air       35%        3x3d11    4%          6
 Death Channel            Necr           35%        N/A       4%          6
 Dispersal                Tloc           35%        N/A       4%          6
 Orb of Destruction       Conj           35%        9d10      22%         7
 Discord                  Hex            35%        N/A       86%         8
 Disjunction              Tloc           35%        N/A       86%         8
 Ignition                 Fire           45%        3d13      86%         8
 Lehudib's Crystal Spear  Conj/Erth      35%        10d9      86%         8
 Chain Lightning          Conj/Air       35%        3d46      100%        9
 Dragon's Call            Summ           35%        N/A       100%        9
 Fire Storm               Conj/Fire      45%        8d11      100%        9
 Shatter                  Erth           35%        3d28*     100%        9


Dungeon Overview and Level Annotations

Branches:
Dungeon (15/15)            Temple (0/1) D:6            Lair (5/5) D:11
 Shoals (4/4) Lair:3       Spider (4/4) Lair:2        Slime (0/5) Lair:5
    Orc (2/2) D:10            Elf (3/3) Orc:2        Vaults (0/5) D:13
 Depths (0/4) D:15        Ossuary (visited)           IceCv (visited)

Altars:
Cheibriados
Dithmenos
Fedhas
Gozag
Hepliaklqana
Kikubaaqudgha
Makhleb
Okawaru
Ru
Trog
Uskayaw
Vehumet
Wu Jian
Xom
Yredelemnul
Zin

Shops:
D:5 **   D:6 [   Orc:1 !   Orc:2 =**(   Elf:1 ?

Portals:
Hell: Lair:5
Trove: D:11 (give +7 demon blade)

Annotations:
D:7 2 transporters, Rayvis's ghost, novice MiFi
D:11 exclusion: door
D:15 2 transporters
Elf:1 4 runed translucent doors
Elf:2 3 runed translucent doors
Elf:3 exclusion: 2 doors


Innate Abilities, Weirdness & Mutations

You have very sharp teeth.
Your uncanny sense of smell can sniff out nearby items.
Your experience applies equally to all skills.


Message History

Activating: Slouch (0% risk of failure)
Press: ? - help, Dir - look around, f - activate You can feel time thicken for a moment.
You destroy the ghostly deep elf master archer!
Cheibriados appreciates the change of pace.
You kill the deep elf elementalist!
Cheibriados appreciates the change of pace.
You kill the deep elf sorcerer!
Cheibriados appreciates the change of pace.
Cheibriados lowers the support of your attributes as your movement quickens.
The deep elf zephyrmancer casts a spell.
The deep elf zephyrmancer blinks!
Your Short Blades skill increases to level 14!
Your Long Blades skill increases to level 14!
Your Axes skill increases to level 14!
Your Maces & Flails skill increases to level 14!
Your Polearms skill increases to level 14!
Your Staves skill increases to level 14!
Your Ranged Weapons skill increases to level 14!
Your Throwing skill increases to level 14!
Your Armour skill increases to level 14!
Your Stealth skill increases to level 14!
Your Shields skill increases to level 14!
Your Spellcasting skill increases to level 14!
Your Evocations skill increases to level 14!
Unknown command.
You slice the ghostly deep elf death mage!!
Your weapon exudes an aura of protection.
The ghostly deep elf death mage is almost destroyed.
The ghostly deep elf death mage draws life force from you!!!
* * * LOW HITPOINT WARNING * * *
The ghostly deep elf death mage is healed by the life force!
You feel much better.
The ghostly deep elf death mage draws life force from you!!
* * * LOW HITPOINT WARNING * * *
The ghostly deep elf death mage is healed by the life force!
You feel much better.
The ghostly deep elf death mage casts a spell at you.
The bolt of negative energy hits you!!!
You feel drained.
You die...

#.....[.....'.'..
#...........###..
#....[......# #..
##..)).....## ###
##.......##
###......##
##...###### #..###
#@## #e# #e# ***#$#
***,,.$# ***,,,,))#**
**,,,,,.))†,*****
**,,,,,,).e.,,,,,**
**,,,,,,e)○..,,,,,,***


You could see a ghostly deep elf death mage, a deep elf annihilator and a deep
elf zephyrmancer.

Vanquished Creatures
  Mlioglotl (Spider:1)
  A deep elf master archer (Elf:3)
  The ghost of krest9999 the Warrior, an adept MiHu of Okawaru (Spider:2)
  Polyphemus (Shoals:3)
  Agnes (D:14)
  Aizul (Spider:1)
  Ilsuiw (Shoals:3)
  A frost giant (Shoals:4)
  4 deep elf elementalists (Elf:3)
  3 ghost moths
  8 emperor scorpions
  6 deep elf sorcerers (Elf:3)
  A stone giant (D:15)
  A deep elf death mage (Elf:3)
  2 deep elf demonologists (Elf:3)
  2 deep elf annihilators (Elf:3)
  5 spark wasps
  A dire elephant (Lair:5)
  9 merfolk impalers
  The ghost of Deesahac the Severer, a journeyman BaFi of Cheibriados (Lair:3)
  A fire dragon (D:15)
  6 entropy weavers
  3 deep elf high priests
  5 vault guards (D:13)
  9 hydras
  A merfolk avatar (Shoals:3)
  2 ogre magi (Orc:2)
  7 boulder beetles
  3 jorogumos
  15 two-headed ogres
  A death knight (D:11)
  5 satyrs
  A catoblepas (Shoals:3)
  3 death yaks (Shoals:3)
  2 merfolk aquamancers (Shoals:4)
  5 centaur warriors
  2 radroaches
  17 dancing weapons
  2 tengu warriors (D:15)
  4 demonic crawlers
  13 deep elf knights
  7 skysharks
  A sixfirhy (Lair:5)
  17 sea snakes
  4 skeletal warriors (D:15)
  Amaemon (D:11)
  8 pharaoh ants
  A swamp dragon (D:13)
  2 deep trolls (Orc:2)
  A sun moth (Spider:3)
  12 orb spiders
  A mana viper (shapeshifter) (Elf:2)
  2 lindwurms
  5 steelbarb worms
  An arcanist (Lair:5)
  18 deep elf archers
  4 harpies
  16 wolf spiders
  20 deep elf pyromancers
  31 deep elf zephyrmancers
  3 orc knights
  5 ugly things
  6 cyclopes
  4 orc sorcerers
  10 fauns
  3 moths of wrath
  11 manticores
  10 merfolk sirens
  18 elephants
  2 black mambas
  2 ice statues (IceCv)
  6 water nymphs
  A smoke demon (D:10)
  5 torpor snails
  5 orange demons
  A water nymph (shapeshifter) (Elf:1)
  A gargoyle (D:13)
  Maggie (D:6)
  11 cane toads
  5 komodo dragons
  7 kobold demonologists
  4 unseen horrors
  5 ice devils
  An efreet (D:15)
  3 yaktaurs (D:13)
  2 tengu conjurers
  5 rime drakes
  A red devil (Lair:5)
  A freezing wraith (IceCv)
  4 anaconda simulacra (IceCv)
  13 trolls
  A wolf spider simulacrum (D:15)
  23 merfolk
  4 wind drakes
  2 hornets (Spider:3)
  3 hellwings
  A polar bear (Lair:4)
  9 blink frogs (Lair:2)
  Grinder (D:6)
  A raiju (Orc:1)
  A tarantella (shapeshifter) (D:11)
  8 snapping turtles
  13 dream sheep
  38 tarantellas
  31 culicivoras
  35 jumping spiders
  4 air elementals
  5 water elementals
  4 wyverns
  6 slime creatures (D:14)
  A human (D:13)
  2 basilisks
  2 dire elephant simulacra (IceCv)
  2 fire elementals
  36 yaks
  A vampire (D:12)
  A death yak simulacrum (Lair:3)
  A fire bat (Orc:1)
  3 wraiths
  48 redbacks
  13 vampire mosquitoes
  A warg (D:15)
  2 steam dragons
  3 harpy simulacra (IceCv)
  An acid dragon (D:11)
  18 water moccasins
  A hydra simulacrum (IceCv)
  A meliai simulacrum (D:11)
  A black bear (shapeshifter) (D:13)
  4 hell hounds
  2 ice beasts
  A sky beast (D:7)
  19 orc warriors
  4 black bears
  2 laughing skulls (D:13)
  10 wolves
  7 centaurs
  23 ogres
  A phantom (D:5)
  12 bullfrogs
  3 elf zombies (Ossuary)
  8 kobold brigands
  5 earth elementals
  A brain worm (shapeshifter) (D:14)
  6 scorpions
  A two-headed ogre simulacrum (IceCv)
  5 wights (D:10)
  An elephant simulacrum (Lair:3)
  6 killer bees
  10 howler monkeys
  4 electric eels
  A bombardier beetle (D:5)
  2 jellies
  13 orc priests
  6 hounds
  3 human zombies (Ossuary)
  A gnoll bouda (D:6)
  A sleepcap (D:8)
  5 iguanas
  13 orc wizards
  3 wolf simulacra
  4 mummies (Ossuary)
  4 gnolls
  9 adders
  A naga simulacrum (IceCv)
  A shadow imp (D:6)
  3 white imps
  2 adder zombies (Ossuary)
  2 dart slugs
  A ribbon worm (D:2)
  66 orcs
  4 bats
  7 endoplasms
  11 goblins
  15 hobgoblins
  3 jackals (D:2)
  31 kobolds
  A quokka (D:3)
  4 ball pythons
  A goblin zombie (Ossuary)
  A hobgoblin zombie (Ossuary)
  A kobold zombie (Ossuary)
  6 rats
  A rat zombie (Ossuary)
  A butterfly (Lair:3)
1157 creatures vanquished.

Vanquished Creatures (collateral kills)
  Gastronok (Lair:1)
  A reaper (IceCv)
  A tengu warrior (D:15)
  A cyclops (Shoals:3)
  A moth of wrath (Spider:2)
  A jumping spider (Spider:2)
  2 yaks (Lair:1)
  A water moccasin (Lair:1)
  9 boulders
18 creatures vanquished.

Vanquished Creatures (others)
  A two-headed ogre (D:11)
  An occultist (D:11)
  2 orc knights (D:11)
  A cyclops (D:11)
  A water elemental (D:12)
  5 boulders
  2 starspawn tentacles (Spider:1)
13 creatures vanquished.

Grand Total: 1188 creatures vanquished

Notes
Turn   | Place    | Note
-------+----------+-------------------------------------------
     0 | D:1      | inmateoo the Gnoll Shapeshifter began the quest for the
                  | Orb.
     0 | D:1      | Reached XP level 1. HP: 17/17 MP: 1/1
    51 | D:1      | Reached XP level 2. HP: 13/23 MP: 2/2
   269 | D:1      | Reached XP level 3. HP: 28/28 MP: 3/3
   822 | D:2      | Reached skill level 1 in Invocations
   896 | D:2      | Reached skill level 1 in Short Blades
   896 | D:2      | Reached skill level 1 in Long Blades
   896 | D:2      | Reached skill level 1 in Axes
   896 | D:2      | Reached skill level 1 in Maces & Flails
   896 | D:2      | Reached skill level 1 in Polearms
   896 | D:2      | Reached skill level 1 in Staves
   896 | D:2      | Reached skill level 1 in Ranged Weapons
   896 | D:2      | Reached skill level 1 in Throwing
   896 | D:2      | Reached skill level 1 in Armour
   896 | D:2      | Reached skill level 1 in Stealth
   896 | D:2      | Reached skill level 1 in Shields
   896 | D:2      | Reached skill level 1 in Spellcasting
   896 | D:2      | Reached skill level 1 in Evocations
   962 | D:2      | Reached XP level 4. HP: 8/34 MP: 5/5
  1442 | D:2      | Found a faded altar of an unknown god.
  1794 | D:3      | Reached skill level 1 in Conjurations
  1794 | D:3      | Reached skill level 1 in Hexes
  1794 | D:3      | Reached skill level 1 in Summonings
  1794 | D:3      | Reached skill level 1 in Necromancy
  1794 | D:3      | Reached skill level 1 in Translocations
  1794 | D:3      | Reached skill level 1 in Fire Magic
  1794 | D:3      | Reached skill level 1 in Ice Magic
  1794 | D:3      | Reached skill level 1 in Air Magic
  1794 | D:3      | Reached skill level 1 in Earth Magic
  1794 | D:3      | Reached skill level 1 in Alchemy
  1912 | D:3      | Found a snail-covered altar of Cheibriados.
  1930 | D:3      | Became a worshipper of Cheibriados the Contemplative
  2125 | D:3      | Reached XP level 5. HP: 35/41 MP: 5/7
  2179 | D:3      | Reached * piety under Cheibriados
  2190 | D:3      | Found a blossoming altar of Fedhas.
  2190 | D:3      | Found an ancient bone altar of Kikubaaqudgha.
  2239 | D:3      | Identified the +5 ring mail of the Growing Gods {rCorr
                  | Str+3}
  2445 | D:4      | Reached skill level 5 in Dodging
  2445 | D:4      | Reached XP level 6. HP: 40/47 MP: 7/9
  2682 | D:4      | Reached XP level 7. HP: 30/52 MP: 10/10
  2913 | D:4      | Found an ornate altar of the Wu Jian Council.
  3071 | D:5      | Entered Level 5 of the Dungeon
  3072 | D:5      | Found a shadowy altar of Dithmenos.
  3169 | D:5      | Reached ** piety under Cheibriados
  3172 | D:5      | Found Wiugraty's Gadget Gallery.
  3223 | D:5      | Reached XP level 8. HP: 60/60 MP: 12/12
  3330 | D:5      | Found a sand-covered staircase.
  3375 | Ossuary  | Entered an ossuary
  3572 | Ossuary  | Identified the +0 pair of boots of the Maze {+Inv Stlth+}
  3630 | D:5      | Found Gozag's Platinum Reserve.
  3782 | D:5      | Found an opulent altar of Gozag.
  3870 | D:5      | Found a bloodstained altar of Trog.
  4369 | D:6      | Reached XP level 9. HP: 65/66 MP: 14/14
  4381 | D:6      | Learned a level 3 spell: Stone Arrow
  4387 | D:6      | Noticed Eustachio
  4388 | D:6      | Eustachio changed into Eustachio the scorpion
  4388 | D:6      | Noticed Eustachio
  4400 | D:6      | Killed Eustachio the scorpion
  4499 | D:6      | Found a radiant altar of Vehumet.
  4500 | D:6      | Found a hide-covered altar of Uskayaw.
  4552 | D:6      | Reached *** piety under Cheibriados
  4594 | D:6      | Noticed Grinder
  4608 | D:6      | Killed Grinder
  4609 | D:6      | Reached skill level 5 in Fighting
  4629 | D:6      | Noticed Maggie
  4672 | D:6      | Killed Maggie
  4739 | D:6      | Found Feafaher's Antique Armour Shop.
  4819 | D:6      | Found a staircase to the Ecumenical Temple.
  4939 | D:7      | Reached skill level 5 in Invocations
  4956 | D:7      | Noticed a queen bee
  4963 | D:7      | Noticed a hornet
  5041 | D:7      | Noticed Rayvis's ghost (novice MiFi)
  5058 | D:7      | Found a basalt altar of Yredelemnul.
  5144 | D:7      | Found a transporter.
  5144 | D:7      | Found a transporter.
  5876 | D:8      | Reached skill level 5 in Short Blades
  5876 | D:8      | Reached skill level 5 in Long Blades
  5876 | D:8      | Reached skill level 5 in Axes
  5876 | D:8      | Reached skill level 5 in Maces & Flails
  5876 | D:8      | Reached skill level 5 in Polearms
  5876 | D:8      | Reached skill level 5 in Staves
  5876 | D:8      | Reached skill level 5 in Ranged Weapons
  5876 | D:8      | Reached skill level 5 in Throwing
  5876 | D:8      | Reached skill level 5 in Armour
  5876 | D:8      | Reached skill level 5 in Stealth
  5876 | D:8      | Reached skill level 5 in Shields
  5876 | D:8      | Reached skill level 5 in Spellcasting
  5876 | D:8      | Reached skill level 5 in Evocations
  5876 | D:8      | Reached XP level 10. HP: 71/76 MP: 17/17
  5949 | D:8      | Learned a level 3 spell: Frozen Ramparts
  5961 | D:8      | Reached **** piety under Cheibriados
  5962 | D:8      | Found a shimmering altar of Xom.
  6670 | D:9      | Found Lab Sebao's Neck Hole.
  6916 | D:9      | Found an iron altar of Okawaru.
  6916 | D:9      | Found a sacrificial altar of Ru.
  6972 | D:9      | Noticed a two-headed ogre
  6991 | D:9      | Killed a two-headed ogre
  7083 | D:9      | Found a glowing silver altar of Zin.
  7226 | D:10     | Entered Level 10 of the Dungeon
  7259 | D:10     | Reached ***** piety under Cheibriados
  7260 | D:10     | Reached skill level 5 in Conjurations
  7260 | D:10     | Reached skill level 5 in Hexes
  7260 | D:10     | Reached skill level 5 in Summonings
  7260 | D:10     | Reached skill level 5 in Necromancy
  7260 | D:10     | Reached skill level 5 in Translocations
  7260 | D:10     | Reached skill level 5 in Fire Magic
  7260 | D:10     | Reached skill level 5 in Ice Magic
  7260 | D:10     | Reached skill level 5 in Air Magic
  7260 | D:10     | Reached skill level 5 in Earth Magic
  7260 | D:10     | Reached skill level 5 in Alchemy
  7311 | D:10     | Noticed a two-headed ogre
  7398 | D:10     | Killed an unseen horror
  7399 | D:10     | Reached XP level 11. HP: 65/83 MP: 20/20
  7445 | D:10     | Found a staircase to the Orcish Mines.
  8147 | D:10     | Found a hazy altar of Hepliaklqana.
  8544 | D:10     | Killed a two-headed ogre
  8823 | D:11     | Noticed Maurice
  8824 | D:11     | Noticed a cyclops
  8974 | D:10     | Killed a cyclops
  9135 | D:11     | Maurice changed into Maurice the scorpion
  9135 | D:11     | Noticed Maurice
  9138 | D:11     | Killed Maurice the scorpion
  9174 | D:11     | Noticed a two-headed ogre
  9184 | D:11     | Killed a two-headed ogre
  9196 | D:11     | Found a staircase to the Lair.
  9340 | D:11     | Noticed Amaemon
  9352 | D:11     | Killed Amaemon
  9594 | D:11     | Noticed a boulder beetle
  9766 | D:11     | Found a portal to a secret trove of treasure.
  9821 | D:11     | Killed a boulder beetle
  9828 | D:11     | Noticed a two-headed ogre
  9841 | D:11     | Killed a two-headed ogre
  9842 | D:11     | Reached XP level 12. HP: 91/91 MP: 18/22
  9943 | D:11     | Noticed a two-headed ogre
  9944 | D:11     | Noticed a death knight
  9964 | D:11     | Noticed a boulder beetle
  9964 | D:11     | Noticed an occultist
  9964 | D:11     | Found the +2 pair of slick slippers {slick, slippery, EV+4}
  9967 | D:11     | Noticed a boulder beetle
  9979 | D:11     | Killed an occultist
  9984 | D:11     | Killed a boulder beetle
  9998 | D:11     | Killed a boulder beetle
 10046 | D:11     | Identified the ring of Biallur {Fire Will+}
 10119 | Lair:1   | Entered Level 1 of the Lair of Beasts
 10145 | Lair:1   | Reached skill level 10 in Unarmed Combat
 10200 | Lair:1   | Identified the +0 leather armour of Ynefiog {rElec}
 10250 | Lair:1   | Noticed Gastronok
 10274 | Lair:1   | Killed Gastronok
 10434 | Lair:1   | Reached ****** piety under Cheibriados
 11212 | Lair:2   | Reached XP level 13. HP: 98/99 MP: 25/25
 11221 | Lair:2   | Reached skill level 10 in Shapeshifting
 11297 | Lair:2   | Found a hole to the Spider Nest.
 11969 | Lair:3   | Found a frozen archway.
 12034 | IceCv    | Entered an ice cave
 12223 | IceCv    | Reached skill level 10 in Dodging
 12293 | IceCv    | Got the Exposition on Sweltering Destruction
 12300 | IceCv    | Learned a level 3 spell: Volatile Blastmotes
 12305 | IceCv    | Learned a level 4 spell: Brom's Barrelling Boulder
 12311 | IceCv    | Learned a level 5 spell: Fireball
 12431 | IceCv    | Noticed a reaper
 12441 | IceCv    | Killed a reaper
 12541 | Lair:3   | Learned a level 2 spell: Blink
 12676 | Lair:3   | Found a staircase to the Shoals.
 12812 | Lair:3   | Found a runed translucent door.
 12812 | Lair:3   | Noticed Deesahac's ghost (journeyman BaFi)
 12950 | Lair:3   | Reached skill level 10 in Invocations
 12950 | Lair:3   | Reached XP level 14. HP: 69/108 MP: 19/27
 13506 | Lair:3   | Killed Deesahac's ghost
 13507 | Lair:3   | Identified the amulet "Cuur" {Acrobat -Tele rPois Str+2
                  | SInv}
 13697 | Lair:4   | Identified the +4 arbalest "Offest" {freeze, ^Drain rElec
                  | Int+3}
 14371 | Lair:5   | Entered Level 5 of the Lair of Beasts
 14576 | Lair:5   | Found a staircase to the Slime Pits.
 14721 | Lair:5   | Reached skill level 10 in Fighting
 15139 | Lair:5   | Noticed a dire elephant
 15159 | Lair:5   | Killed a dire elephant
 15416 | Lair:5   | Found a burning altar of Makhleb.
 15690 | Lair:5   | Found a gateway to Hell.
 16097 | D:12     | Reached skill level 10 in Short Blades
 16097 | D:12     | Reached skill level 10 in Long Blades
 16097 | D:12     | Reached skill level 10 in Axes
 16097 | D:12     | Reached skill level 10 in Maces & Flails
 16097 | D:12     | Reached skill level 10 in Polearms
 16097 | D:12     | Reached skill level 10 in Staves
 16097 | D:12     | Reached skill level 10 in Ranged Weapons
 16097 | D:12     | Reached skill level 10 in Throwing
 16097 | D:12     | Reached skill level 10 in Armour
 16097 | D:12     | Reached skill level 10 in Stealth
 16097 | D:12     | Reached skill level 10 in Shields
 16097 | D:12     | Reached skill level 10 in Spellcasting
 16097 | D:12     | Reached skill level 10 in Evocations
 16192 | D:12     | Identified the +4 ring mail of Refuge {rElec Will+ Stlth+}
 16266 | D:12     | Identified the +0 leather armour of Hiky {-Cast rN+ Str+2
                  | Dex+3}
 16799 | D:13     | Noticed Urug
 16806 | D:13     | Urug changed into Urug the swamp dragon
 16806 | D:13     | Noticed Urug
 16816 | D:13     | Killed Urug the swamp dragon
 16817 | D:13     | Reached XP level 15. HP: 117/117 MP: 25/29
 16860 | D:13     | Noticed Nessos
 16862 | D:13     | Nessos changed into Nessos the yaktaur
 16862 | D:13     | Noticed Nessos
 16867 | D:13     | Killed Nessos the yaktaur
 17356 | D:13     | Identified the +4 great sword "Nekliz" {flame, Will++}
 17833 | D:13     | Found a gate to the Vaults.
 17950 | D:14     | Noticed Agnes
 17955 | D:14     | Killed Agnes
 18213 | D:14     | Identified a scroll of acquirement
 18407 | D:15     | Entered Level 15 of the Dungeon
 18793 | D:15     | Found a transporter.
 18886 | D:15     | Found a transporter.
 18910 | D:15     | Found a transporter.
 19109 | D:15     | Found a transporter.
 19323 | D:15     | Found a staircase to the Depths.
 19502 | Orc:1    | Entered Level 1 of the Orcish Mines
 19706 | Orc:1    | Reached XP level 16. HP: 125/125 MP: 19/30
 19796 | Orc:1    | Found a shimmering altar of Xom.
 20246 | Orc:2    | Entered Level 2 of the Orcish Mines
 20381 | Orc:1    | Found Dysav's Distillery.
 20498 | Orc:1    | Bought a potion of might for 56 gold pieces
 20498 | Orc:1    | Bought a potion of curing for 42 gold pieces
 20498 | Orc:1    | Bought a potion of cancellation for 112 gold pieces
 20539 | Orc:2    | Found a staircase to the Elven Halls.
 20632 | Orc:2    | Found Ychaan's Jewellery Emporium.
 20633 | Orc:2    | Found Pikimal's General Store.
 20883 | Orc:2    | Found Makkiw's General Store.
 20892 | Orc:2    | Found Taynuce's Weapon Emporium.
 20896 | Orc:2    | Bought a scroll of teleportation for 42 gold pieces
 20896 | Orc:2    | Bought a scroll of teleportation for 42 gold pieces
 20896 | Orc:2    | Bought a potion of resistance for 140 gold pieces
 21063 | Orc:2    | Learned a level 4 spell: Passage of Golubria
 21356 | Elf:1    | Entered Level 1 of the Elven Halls
 21842 | Elf:1    | Found a runed translucent door.
 21890 | Elf:1    | Found a runed translucent gate.
 21890 | Elf:1    | Found a runed translucent gate.
 22058 | Elf:1    | Found Inocis's Magic Scroll Boutique.
 22063 | Elf:1    | Bought a scroll of enchant weapon for 127 gold pieces
 22064 | Elf:1    | Bought a scroll of blinking for 127 gold pieces
 22064 | Elf:1    | Bought a scroll of teleportation for 51 gold pieces
 22064 | Elf:1    | Bought a scroll of identify for 34 gold pieces
 22064 | Elf:1    | Bought a scroll of identify for 34 gold pieces
 22679 | Elf:1    | Found a runed translucent door.
 23074 | Elf:1    | Found a runed translucent gate.
 23074 | Elf:1    | Found a runed translucent gate.
 23074 | Elf:1    | Found a runed translucent gate.
 23152 | Elf:1    | Found a runed translucent gate.
 23702 | Elf:2    | Reached XP level 17. HP: 82/133 MP: 30/32
 23800 | Elf:2    | Reached skill level 10 in Conjurations
 23800 | Elf:2    | Reached skill level 10 in Hexes
 23800 | Elf:2    | Reached skill level 10 in Summonings
 23800 | Elf:2    | Reached skill level 10 in Necromancy
 23800 | Elf:2    | Reached skill level 10 in Translocations
 23800 | Elf:2    | Reached skill level 10 in Fire Magic
 23800 | Elf:2    | Reached skill level 10 in Ice Magic
 23800 | Elf:2    | Reached skill level 10 in Air Magic
 23800 | Elf:2    | Reached skill level 10 in Earth Magic
 23800 | Elf:2    | Reached skill level 10 in Alchemy
 24482 | Elf:2    | Found a runed translucent gate.
 24483 | Elf:2    | Found a runed translucent gate.
 24483 | Elf:2    | Found a runed translucent gate.
 24631 | Elf:3    | Entered Level 3 of the Elven Halls
 24954 | Elf:3    | Paralysed by an air elemental for 1 turns
 26173 | Shoals:1 | Entered Level 1 of the Shoals
 27378 | Shoals:2 | Reached XP level 18. HP: 142/142 MP: 34/34
 27569 | Shoals:2 | Acquired a book of Unlife
 27577 | Shoals:2 | Learned a level 5 spell: Borgnjor's Vile Clutch
 27909 | Shoals:3 | Noticed Ilsuiw
 28033 | Shoals:3 | Killed Ilsuiw
 28148 | Shoals:3 | Identified the +11 lajatang of Patterns {protect, rElec rC+
                  | Str+7 Int-3}
 28149 | Shoals:3 | Identified the +4 chain mail of Articulation {-Tele rF+
                  | Str+2}
 28314 | Shoals:3 | Noticed Polyphemus
 28366 | Shoals:3 | Killed Polyphemus
 28509 | Shoals:4 | Entered Level 4 of the Shoals
 28970 | Shoals:4 | Identified the +3 sling of Idghoh {elec, rN+ Dex+4}
 29019 | Shoals:4 | Found the +7 hand cannon "Mule" {flame, backblast, rF+}
 29385 | Shoals:4 | Learned a level 4 spell: Olgreb's Toxic Radiance
 29390 | Shoals:4 | Learned a level 4 spell: Ignite Poison
 29576 | Shoals:4 | Got a barnacled rune of Zot
 29783 | Spider:1 | Entered Level 1 of the Spider Nest
 29847 | Spider:1 | Identified the serpent talisman of the Present {rElec Str+2
                  | SInv Stlth-}
 29847 | Spider:1 | Noticed Aizul
 29851 | Spider:1 | Noticed Mlioglotl
 29864 | Spider:1 | Killed Aizul
 29875 | Spider:1 | Killed Mlioglotl
 30724 | Spider:2 | Reached XP level 19. HP: 136/150 MP: 0/36
 30845 | Spider:2 | Found a transporter.
 30855 | Spider:2 | Noticed krest9999's ghost (adept MiHu)
 30972 | Spider:2 | You fall into a shaft and drop 1 floor!
 31544 | Spider:2 | Found a transporter.
 31687 | Spider:2 | Killed krest9999's ghost
 31789 | Spider:2 | Identified the staff of Superiority {rElec rF- MP+9 Str+2
                  | Dex+3 Air}
 32711 | Spider:4 | Entered Level 4 of the Spider Nest
 32755 | Spider:4 | Reached skill level 15 in Unarmed Combat
 32948 | Spider:4 | Identified the ring of Brawling {rC- Will+ Str+4}
 33368 | Spider:4 | Found the +3 pair of mountain boots {steadfast, rC+}
 33412 | Spider:4 | Got a gossamer rune of Zot
 33566 | Spider:4 | Reached skill level 15 in Invocations
 34332 | Elf:3    | Identified the ring "Riap" {rCorr MP-9 Str+3 SInv}
 34334 | Elf:3    | Reached XP level 20. HP: 145/159 MP: 37/37
 34341 | Elf:3    | Identified the ring "Zogas" {^Drain rF+ rN+ EV+5 Stlth+}
 34348 | Elf:3    | Identified the +10 whip of Rougilec {flame, Will- Int+3
                  | SInv}
 34348 | Elf:3    | Identified the ring of Lugonu's Whim {Ice rCorr Str+4 Int+4
                  | SInv}
 34369 | Elf:3    | Killed from afar by a ghostly deep elf death mage

Illustrated notes

Levels and vault maps discovered:
D:1:      lightli_arrival_isolated_outpost, layout_basic, minmay_misc_feat_doors
D:2:      layout_basic, shapermc_ecumenical_altar_notcrosses
D:3:      layout_rooms, grunt_temple_overflow_growth_and_decay,
          kennysheep_slug_shrine
D:4:      layout_loops_cross, marbit_many_paths, serial_park_tiny_2,
          minmay_misc_feat_more_columns, hangedman_abyss_or_decor_lesser_grid
D:5:      layout_basic, grunt_dithmenos_smoke, nicolae_gozag_zags_fifth_avenue,
          old_standard_altar, nicolae_ossuary_entry_monument,
          nicolae_shop_gadgets
D:6:      layout_rooms, mainiacjoe_overflow_divided_tiny,
          minmay_temple_entry_statues_fountains, serial_shops, shop,
          uniq_eustachio, uniq_maggie, uniq_grinder
D:7:      layout_loops_ring, overflow_temple_1_default, gammafunk_ghost_hive
D:8:      layout_basic, lemuel_tele_altar
D:9:      layout_basic, mainiacjoe_overflow_brackets,
          gammafunk_temple_overflow_wave, nicolae_shop_sticking_my_neck_out
D:10:     layout_basic, nzn_hepliaklqana_mist_gate, david_orc_3,
          minmay_misc_feat_encased, nicolae_where_there's_smoke
D:11:     minmay_the_grid_triangle_9x9_recursive_2
          [minmay_the_grid_triangle_9x9_prize_center,
          minmay_the_grid_triangle_9x9_skeleton,
          minmay_the_grid_triangle_9x9_wacky_v,
          minmay_the_grid_triangle_9x9_zippers_horizontal], layout_cave_pools,
          dpeg_oklobed_lair, nicolae_trove_entry_crystal, uniq_maurice,
          uniq_amaemon
D:12:     layout_gridville, lemuel_freeze_loot_1
D:13:     layout_rooms, grunt_vaults_entry_fortified, uniq_nessos, uniq_urug
D:14:     layout_rooms, serial_curves, eino_curves_04, eino_curves_02,
          eino_curves_04, eino_curves_04, solitary_fountain, uniq_agnes
D:15:     grunt_enter_depths_snipers, layout_small_grid, hex_tiny,
          nicolae_transporter_intersection
Lair:1:   layout_loops_ring, serial_bayou_lagoon_b, lemuel_fruit_tree,
          grunt_megastairs_4, serial_bayou_shore_b, infiniplex_staircase_pool,
          uniq_gastronok
Lair:2:   layout_regular_city, nicolae_spider_entry_orb_guardian
Lair:3:   layout_cave_pods, mainiacjoe_shoals_entry_four_pools,
          portal_ice_cave_entry_ice_simulacra, gammafunk_ghost_grave,
          lemuel_fruit_fields
Lair:4:   layout_small_grid, serial_bayou_shore_a
Lair:5:   evil_forest, layout_loops_ring, slime_entry_1
Shoals:1: layout_shoals
Shoals:2: layout_shoals
Shoals:3: layout_shoals, uniq_ilsuiw, uniq_polyphemus
Shoals:4: shoals_end_grunt_ice, layout_shoals
Spider:1: layout_cave_pods, nicolae_spider_webbed_stairs,
          hangedman_spider_tarantella_strand, uniq_mlioglotl, uniq_aizul
Spider:2: layout_spider_delve, gammafunk_ghost_arena
Spider:3: layout_chambers, nicolae_spider_paper_wasps
Spider:4: grunt_spider_rune_circles
Orc:1:    layout_caves, serial_shops, nicolae_shop_crystal,
          regret_index_xom_of_box
Orc:2:    st_orc_open, layout_caves
Elf:1:    nicolae_elf_arrival_dilemma, layout_loops_corners, serial_shops,
          nicolae_shop_competitors_out_of_business,
          kennysheep_underground_church, grunt_ministairs_1
Elf:2:    nicolae_elf_blades_crystal_corner, layout_onion_city, fountainhead,
          st_stairs_11
Elf:3:    minmay_elf_hall_quartered_circle, layout_geoelf_octagon, hex_medium,
          st_stairs_10

Skill      XL: |  1  2  3  4  5  6  7  8  9 10 11 12 13 14 15 16 17 18 19 20 |
---------------+-------------------------------------------------------------+-----
Invocations    | 1 2 3 4 5 6 7 8 10 11 12 13 14 15 | 15.1
Short Blades   | 1 2 3 5 6 7 8 9 10 11 12 13 14 | 14.0
Long Blades    | 1 2 3 5 6 7 8 9 10 11 12 13 14 | 14.0
Axes           | 1 2 3 5 6 7 8 9 10 11 12 13 14 | 14.0
Maces & Flails | 1 2 3 5 6 7 8 9 10 11 12 13 14 | 14.0
Polearms       | 1 2 3 5 6 7 8 9 10 11 12 13 14 | 14.0
Staves         | 1 2 3 5 6 7 8 9 10 11 12 13 14 | 14.0
Ranged Weapons | 1 2 3 5 6 7 8 9 10 11 12 13 14 | 14.0
Throwing       | 1 2 3 5 6 7 8 9 10 11 12 13 14 | 14.0
Armour         | 1 2 3 5 6 7 8 9 10 11 12 13 14 | 14.0
Stealth        | 1 2 3 5 6 7 8 9 10 11 12 13 14 | 14.0
Shields        | 1 2 3 5 6 7 8 9 10 11 12 13 14 | 14.0
Spellcasting   | 1 2 3 5 6 7 8 9 10 11 12 13 14 | 14.0
Evocations     | 1 2 3 5 6 7 8 9 10 11 12 13 14 | 14.0
Conjurations   | 1 2 3 4 5 6 7 8 9 10 11 | 11.9
Hexes          | 1 2 3 4 5 6 7 8 9 10 11 | 11.9
Summonings     | 1 2 3 4 5 6 7 8 9 10 11 | 11.9
Necromancy     | 1 2 3 4 5 6 7 8 9 10 11 | 11.9
Translocations | 1 2 3 4 5 6 7 8 9 10 11 | 11.9
Fire Magic     | 1 2 3 4 5 6 7 8 9 10 11 | 11.9
Ice Magic      | 1 2 3 4 5 6 7 8 9 10 11 | 11.9
Air Magic      | 1 2 3 4 5 6 7 8 9 10 11 | 11.9
Earth Magic    | 1 2 3 4 5 6 7 8 9 10 11 | 11.9
Alchemy        | 1 2 3 4 5 6 7 8 9 10 11 | 11.9
Fighting       | 3 4 5 6 7 8 9 10 11 12 13 14 | 14.2
Dodging        | 5 6 7 8 9 10 11 12 13 14 | 14.6
Unarmed Combat | 7 8 9 10 11 12 13 14 15 | 15.3
Shapeshifting  | 7 8 9 10 11 12 13 14 | 14.3

Action                     |  1- 3 |  4- 6 |  7- 9 | 10-12 | 13-15 | 16-18 | 19-21 || total
---------------------------+-------+-------+-------+-------+-------+-------+-------++-------
  Melee: Unarmed           |    53 |   105 |   305 |   415 |   871 |   263 |     4 ||  2016
         Bite              |     2 |     8 |    31 |    60 |   158 |    50 |    46 ||   355
         Punch             |     1 |     1 |    22 |    33 |    25 |    12 |     2 ||    96
         Maw               |       |       |       |    64 |   401 |   103 |       ||   568
         Lajatang          |       |       |       |       |       |    69 |   281 ||   350
   Fire: Longbow           |       |       |       |       |       |   601 |   189 ||   790
         Hand cannon       |       |       |       |       |       |     2 |       ||     2
  Throw: Boomerang         |       |    21 |     4 |       |       |       |       ||    25
         Javelin           |       |     6 |     4 |     2 |    30 |     4 |     4 ||    50
         Dart              |       |     3 |    15 |     8 |     6 |       |       ||    32
   Cast: Stone Arrow       |       |       |    14 |    23 |    73 |    18 |     4 ||   132
         Frozen Ramparts   |       |       |       |    21 |    30 |    21 |     5 ||    77
         Volatile Blastmot |       |       |       |       |     7 |       |       ||     7
         Brom's Barrelling |       |       |       |       |     9 |     6 |       ||    15
         Blink             |       |       |       |       |     4 |       |       ||     4
         Fireball          |       |       |       |       |    23 |    36 |     6 ||    65
         Passage of Golubr |       |       |       |       |       |     2 |       ||     2
         Olgreb's Toxic Ra |       |       |       |       |       |    12 |    24 ||    36
         Ignite Poison     |       |       |       |       |       |     9 |    20 ||    29
         Borgnjor's Vile C |       |       |       |       |       |     3 |     2 ||     5
 Invoke: Slouch            |       |       |       |       |     2 |     3 |     8 ||    13
  Evoke: Wand              |       |       |     2 |    15 |    11 |     1 |     2 ||    31
         Sack of spiders   |       |       |       |     1 |     3 |     1 |     2 ||     7
    Use: Scroll            |       |     5 |    12 |     5 |     5 |    11 |     4 ||    42
         Potion            |       |       |       |     4 |     1 |       |     3 ||     8
   Stab: Sleeping          |     3 |       |     1 |     8 |    22 |     4 |     2 ||    40
         Distracted        |       |       |       |     3 |     2 |       |     2 ||     7
         Confused          |       |       |       |       |     1 |       |       ||     1
         Petrifying        |       |       |       |       |       |     4 |       ||     4
         Petrified         |       |       |       |       |       |     3 |       ||     3
 Armour: Animal skin       |    10 |       |       |       |       |       |       ||    10
         Leather armour    |    10 |     4 |       |       |       |       |       ||    14
         Skin              |       |    18 |       |    52 |   240 |   185 |       ||   495
         Ring mail         |       |    20 |   177 |   192 |    10 |    78 |   174 ||   651
  Dodge: Dodged            |    18 |    69 |   181 |   352 |   765 |   789 |   729 ||  2903
  Block: Buckler           |       |       |       |       |   345 |    66 |       ||   411
   Form: Beast             |     1 |     1 |       |       |       |       |       ||     2
         Flux              |       |     1 |       |       |       |       |       ||     1
                           |       |       |     1 |       |     1 |     2 |       ||     4
         Maw               |       |       |       |     1 |     1 |       |       ||     2
         Serpent           |       |       |       |       |       |     1 |       ||     1
